 Dungeon Crawl Stone Soup version 0.29.1-2-gbd0b4ee654 (webtiles) character file.

Game seed: 17708378695511280917

464 safid the Shooter (level 6, 0/58 HPs)
             Began as a Minotaur Hunter on Nov 2, 2022.
             Was an Initiate of Okawaru.
             Slain by a worm (7 damage)
             ... on level 4 of the Dungeon.
             The game lasted 00:03:35 (3000 turns).

safid the Shooter (Minotaur Hunter)                 Turns: 3000, Time: 00:03:36

Health: 0/58       AC:  4    Str: 15    XL:     6   Next: 80%
Magic:  5/5        EV: 12    Int:  6    God:    Okawaru [......]
Gold:   253        SH:  0    Dex: 16    Spells: 5/5 levels left

rFire   . . .      SeeInvis .   a - +0 shortbow
rCold   . . .      Faith    .   (shield currently unavailable)
rNeg    . . .      Spirit   .   c - +0 leather armour
rPois   .          Reflect  .   (helmet restricted)
rElec   .          Harm     .   (no cloak)
rCorr   .          Rampage  .   (no gloves)
Will    .....                   k - +0 pair of boots
Stlth   +.........              (no amulet)
HPRegen 0.19/turn               (no ring)
MPRegen 0.09/turn               (no ring)

@: no status effects
A: horns 2, retaliatory headbutt
a: Renounce Religion


You were on level 4 of the Dungeon.
You worshipped Okawaru.
Okawaru was noncommittal.
You visited 1 branch of the dungeon, and saw 4 of its levels.

You collected 253 gold pieces.

Inventory:

Hand Weapons
 a - a +0 shortbow (weapon)
Armour
 c - a +0 leather armour (worn)
 k - a +0 pair of boots (worn)
Jewellery
 o - a +4 ring of protection
Scrolls
 b - a scroll of noise {unknown}
 e - 2 scrolls of teleportation {unknown}
 f - a scroll of blinking {unknown}
 h - a scroll of enchant weapon {unknown}
 i - 3 scrolls of identify {unknown}
 l - a scroll of vulnerability {unknown}
 m - a scroll of brand weapon {unknown}
 n - a scroll of poison {unknown}
 q - a scroll of summoning {unknown}
Potions
 d - 3 potions of flight {unknown}
 g - 3 potions of heal wounds {unknown}
 j - a potion of haste {unknown}
 p - a potion of lignification {unknown}
 r - 2 potions of curing {unknown}


   Skills:
 + Level 6.4 Fighting
 + Level 7.1 Ranged Weapons
 - Level 2.1 Dodging
 - Level 0.7 Stealth


You had 5 spell levels left.
You didn't know any spells.
Your spell library contained the following spells:

 Spells                   Type           Power      Damage    Failure   Level
 Freeze                   Ice            0%         1d3       52%         1
 Frozen Ramparts          Ice            0%         1d1       88%         3
 Hailstorm                Conj/Ice       0%         3d3       99%         4


Dungeon Overview and Level Annotations

Branches:
Dungeon (4/15)
 Temple: D:4-7

Altars:
Elyvilon
Okawaru

Annotations:
D:4 3 runed translucent doors


Innate Abilities, Weirdness & Mutations

You have a pair of horns on your head.
You reflexively headbutt those who attack you in melee.


Message History

The orc closely misses you. You furiously retaliate!
You headbutt the orc.
Fire: a) +0 shortbow
Press: ? - help, Q - select action Shift-Dir - straight line, f/p - orc
Aim: an orc, wielding a +0 whip (almost dead, 66% to hit)
You shoot an arrow. The arrow hits the orc.
You kill the orc!
Okawaru accepts your kill.
The orc priest mumbles some strange prayers to Beogh against you.
Pain shoots through your body!
* * * LOW HITPOINT WARNING * * *
The worm bites you!
* * * LOW HITPOINT WARNING * * *
Fire: a) +0 shortbow
Press: ? - help, Q - select action Shift-Dir - straight line, f - orc priest
Aim: an orc priest, wielding a +0 club (heavily wounded, 66% to hit)
You shoot an arrow. The arrow hits the orc priest!
The orc priest is almost dead.
The orc priest looks braver for a moment.
The worm bites you.
* * * LOW HITPOINT WARNING * * *
Fire: a) +0 shortbow
Press: ? - help, Q - select action Shift-Dir - straight line, f/p - orc priest
Aim: an orc priest, wielding a +0 club (almost dead, 66% to hit)
You shoot an arrow. The arrow barely misses the orc priest.
Unknown command.
Fire: a) +0 shortbow
Press: ? - help, Q - select action Shift-Dir - straight line, f/p - orc priest
Aim: an orc priest, wielding a +0 club (almost dead, 66% to hit)
You shoot an arrow. The arrow hits the orc priest!
You kill the orc priest!
Okawaru accepts your kill. The worm bites you but does no damage.
Unknown command.
Fire: a) +0 shortbow
Press: ? - help, Q - select action Shift-Dir - straight line, f - worm
Aim: a worm (82% to hit)
You shoot an arrow. The arrow barely misses the worm.
The arrow hits the worm!
The worm is heavily wounded.
The worm bites you!
You die...

##.. #.. ...## ..
#....#.# ....# .
.###...##....# ##.
.#.###.#....# #..
#...#...#
#...#####...#...#
#..w#...#...#...#####
#w....#.###.#.#..#
#@..###...###..~#
#)###.#.....#..~~#
#.. #...#...#.#.~8# #
#.. #...#####.#.~~# .
#.. #...#...#.#..~# .
# .#. ##.#.....#....#
.###. .###
.###...##....# #.#. #
.. #.###.###.## ...#
..#. #...# ##


You could see 2 worms.

Vanquished Creatures
  Sigmund (D:3)
  2 orc priests (D:4)
  2 hounds
  An orc wizard (D:3)
  7 adders
  2 worms
  3 dart slugs
  8 orcs
  7 endoplasms
  10 goblins
  8 hobgoblins
  7 jackals
  2 quokkas
  7 ball pythons
  3 bats (D:1)
  3 frilled lizards
  8 kobolds
  6 rats
87 creatures vanquished.

Notes
Turn   | Place    | Note
-------+----------+-------------------------------------------
     0 | D:1      | safid the Minotaur Hunter began the quest for the Orb.
     0 | D:1      | Reached XP level 1. HP: 18/18 MP: 0/0
   197 | D:1      | Reached XP level 2. HP: 25/25 MP: 1/1
   533 | D:1      | Reached XP level 3. HP: 31/31 MP: 2/2
   535 | D:1      | Reached skill level 5 in Ranged Weapons
  1312 | D:2      | Reached XP level 4. HP: 40/40 MP: 3/3
  1537 | D:2      | Found a faded altar of an unknown god.
  1942 | D:3      | Found a white marble altar of Elyvilon.
  1979 | D:3      | Reached XP level 5. HP: 46/47 MP: 4/4
  2051 | D:3      | Noticed Sigmund
  2059 | D:3      | Killed Sigmund
  2060 | D:3      | Reached skill level 5 in Fighting
  2060 | D:3      | Reached skill level 6 in Ranged Weapons
  2060 | D:3      | Reached XP level 6. HP: 49/57 MP: 5/5
  2282 | D:3      | Found an iron altar of Okawaru.
  2292 | D:3      | Became a worshipper of Warmaster Okawaru
  2695 | D:4      | Found a runed translucent gate.
  2695 | D:4      | Found a runed translucent gate.
  2695 | D:4      | Found a runed translucent gate.
  2872 | D:4      | Noticed an ice beast
  2985 | D:4      | Reached skill level 7 in Ranged Weapons
  3000 | D:4      | Slain by a worm

Illustrated notes

Levels and vault maps discovered:
D:1:      dpeg_arrival_tiny_d, layout_basic
D:2:      layout_rooms, chequers_ecumenical_altar_simple_redux
D:3:      layout_loops_ring, kennysheep_okawaru_gauntlet, elyvilon_altar_5,
          uniq_sigmund
D:4:      nicolae_cairo_tiling, layout_cave_pools,
          mainiacjoe_overflow_surrounded_room, gammafunk_ghost_icy,
          serial_column_ruins, column_ruins_grid_3,
          column_ruins_corridor_straight, column_ruins_open_large,
          column_ruins_grid_1, column_ruins_columns_straight, st_stairs_1,
          minmay_misc_feat_pillars, moated_statue, minmay_misc_feat_doors,
          chequers_serial_rivers_micro_b, minmay_tree_intersection

Skill      XL: |  1  2  3  4  5  6 |
---------------+-------------------+-----
Fighting       | 3 4 5 6 |  6.4
Ranged Weapons | 5 6 7 |  7.1
Dodging        | |  2.1
Stealth        | |  0.7

Action                   |  1- 3 |  4- 6 || total
-------------------------+-------+-------++-------
 Fire: Shortbow          |   115 |   138 ||   253
Armor: Leather armour    |    15 |     9 ||    24
Dodge: Dodged            |    65 |    42 ||   107
